 Dungeon Crawl Stone Soup version 0.32-a0-876-gcfddb08e57 (webtiles) character file.

Game seed: 8496202431959500928

614 Griffin23 the Slasher (level 7, -3/61 HPs)
             Began as a Minotaur Fighter on Apr 1, 2024.
             Was an Initiate of Uskayaw.
             Slain by Menkaure (17 damage)
             ... on level 5 of the Dungeon.
             The game lasted 00:05:28 (3863 turns).

Griffin23 the Slasher (Minotaur Fighter)            Turns: 3863, Time: 00:05:29

Health: -3/61      AC:  9    Str: 22    XL:     7   Next: 20%
Magic:  4/7        EV:  7    Int:  5    God:    Uskayaw [......]
Gold:   232        SH:  4    Dex: 10    Spells: 6/6 levels left

rFire   . . .        a - +0 long sword
rCold   . . .        c - +0 buckler
rNeg    . . .        l - +0 chain mail
rPois   .            (helmet restricted)
rElec   .            (no cloak)
rCorr   .            (no gloves)
SInv    .            (no boots)
Will    .....        o - amulet of regeneration Stlth
                     (no ring)
HPRegen 1.10/turn    (no ring)
MPRegen 0.10/turn

%: no passive effects
@: no status effects
A: horns 2, retaliatory headbutt
a: Renounce Religion


You were on level 5 of the Dungeon.
You worshipped Uskayaw.
Uskayaw was noncommittal.
You visited 1 branch of the dungeon, and saw 5 of its levels.

You collected 297 gold pieces.
You spent 65 gold pieces at shops.

Inventory:

Hand Weapons
 a - a +0 long sword (weapon)
Missiles
 n - 5 boomerangs (quivered)
Armour
 b - a +0 scale mail
 c - a +0 buckler (worn)
 l - a +0 chain mail (worn)
Jewellery
 f - an amulet of the acrobat
 o - an amulet of regeneration (around neck)
 t - a ring of fire
Wands
 m - a wand of paralysis (6)
Scrolls
 d - a scroll of enchant armour
 e - a scroll of torment {unknown}
 g - 2 scrolls of enchant weapon {unknown}
 k - 2 scrolls of teleportation
 q - a scroll of noise {unknown}
 s - 2 scrolls of silence
Potions
 h - a potion of ambrosia
 i - a potion of curing
 j - 3 potions of degeneration
 p - a potion of invisibility {unknown}
 u - a potion of brilliance {unknown}


   Skills:
 + Level 5.5 Fighting
 * Level 6.0 Long Blades
 + Level 5.3 Armour
 + Level 5.3 Shields
 + Level 1.9 Invocations


You had 6 spell levels left.
You didn't know any spells.
Your spell library contained the following spells:

 Spells                   Type           Power      Damage    Failure   Level
 Cigotuvi's Dreadful Rot  Necr/Alch/Air  0%         N/A       99%         2
 Mercury Vapours          Alch/Air       0%         N/A       99%         2
 Frozen Ramparts          Ice            0%         1d1       100%        3
 Mephitic Cloud           Conj/Alch/Air  0%         N/A       100%        3
 Ozocubu's Armour         Ice            0%         N/A       100%        3
 Passwall                 Erth           0%         N/A       100%        3
 Volatile Blastmotes      Fire/Tloc      0%         2d10      100%        3
 Dispel Undead            Necr           0%         3d6       100%        4
 Fulminant Prism          Conj/Alch      0%         3d5       100%        4
 Iskenderun's Mystic Bla Conj/Tloc 0%             2d3        (+2d1     100%        4
 Martyr's Knell           Necr/Summ      0%         N/A       100%        4
 Vhi's Electric Charge    Tloc/Air       0%         N/A       100%        4
 Freezing Cloud           Conj/Ice/Air   0%         6-21      100%        5
 Metabolic Englaciation   Hex/Ice        0%         N/A       100%        5
 Bombard                  Conj/Erth      0%         9d1       100%        6


Dungeon Overview and Level Annotations

Branches:
Dungeon (5/15)             Temple (0/1) D:4

Altars:
Gozag
Hepliaklqana
Uskayaw

Shops:
D:4 !   D:5 *

Annotations:
D:5 Menkaure


Innate Abilities, Weirdness & Mutations

You have a pair of horns on your head.
You reflexively headbutt those who attack you in melee.


Message History

You feel sick.
You feel sick.
You feel sick.
You are no longer poisoned.
You see here an adder corpse.
You now have 232 gold pieces (gained 16).
No target in view!
Menkaure is nearby!
Menkaure calls on the powers of darkness!
Your body is wracked with pain!
Menkaure is nearby!
Menkaure hits you!
You are too injured to fight recklessly!
You are too injured to fight recklessly!
You are too injured to fight recklessly!
You are too injured to fight recklessly!
You feel much better.
Menkaure sighs, "It doesn't hurt if you pull your brain out of your nose yourself."
Menkaure hits you!
Aiming: Paralyse
Press: ? - help, Shift-Dir - straight line, f - Menkaure
Aim: Menkaure (chance to affect: 49%) Menkaure resists with some effort.
You stomp with the beat, sending a shockwave through the revellers around you!
Menkaure is moderately damaged.
You can no longer stomp with the beat.
Menkaure points at you and mumbles some strange words.
Pain shoots through your body!
* * * LOW HITPOINT WARNING * * *
You hit Menkaure.
You headbutt Menkaure, but do no damage.
Menkaure is moderately damaged.
Menkaure points at you and mumbles some strange words.
Pain shoots through your body!
* * * LOW HITPOINT WARNING * * *
You hit Menkaure. Your headbutt misses Menkaure.
Menkaure is heavily damaged.
Menkaure hits you!
You die...
Your body falls in perfect tune with the rhythm.

♣...♣♣ #....# ♣....♣
#....# #....# #....#
##....####....#
#.#...........# ########
##.#...........# #......#
#..............# #......#
..##..#........###......#
.####...##.....M@.......#
.........#..######......#
........................#
.....ß##.#..######......#
......##....# #......#
...ß.∩.ß.#### ########
.....<#### .....ß#
......#


You could see Menkaure.

Vanquished Creatures
  A black bear (D:3)
  A phantom (D:5)
  2 hounds (D:4)
  2 orc priests (D:4)
  A gnoll bouda (D:4)
  2 iguanas
  7 gnolls
  3 adders
  2 ufetubi (D:5)
  2 dart slugs
  8 ribbon worms
  18 orcs
  10 ball pythons
  6 bats
  11 endoplasms
  3 giant cockroaches
  8 goblins
  5 hobgoblins
  5 jackals
  6 kobolds
  4 quokkas
  A frilled lizard (D:1)
  5 rats
113 creatures vanquished.

Notes
Turn   | Place    | Note
-------+----------+-------------------------------------------
     0 | D:1      | Griffin23 the Minotaur Fighter began the quest for the Orb.
     0 | D:1      | Reached XP level 1. HP: 19/19 MP: 0/0
   138 | D:1      | Reached XP level 2. HP: 27/27 MP: 1/1
   194 | D:1      | Reached skill level 3 in Long Blades
   462 | D:1      | Reached XP level 3. HP: 30/33 MP: 2/2
  1383 | D:2      | Reached XP level 4. HP: 40/40 MP: 3/3
  1814 | D:3      | Noticed a black bear
  1815 | D:3      | Found a faded altar of an unknown god.
  1820 | D:3      | Killed a black bear
  1821 | D:3      | Reached skill level 4 in Long Blades
  1821 | D:3      | Reached XP level 5. HP: 37/47 MP: 4/4
  1870 | D:3      | Prayed at the altar of an unknown god.
  1870 | D:3      | Became a worshipper of Uskayaw the Reveller
  1870 | D:3      | Reached * piety under Uskayaw
  2118 | D:3      | Reached ** piety under Uskayaw
  2152 | D:3      | Found a hazy altar of Hepliaklqana.
  2518 | D:4      | Reached *** piety under Uskayaw
  2699 | D:4      | Reached skill level 5 in Long Blades
  2699 | D:4      | Reached XP level 6. HP: 53/55 MP: 5/5
  2708 | D:4      | Found a staircase to the Ecumenical Temple.
  2747 | D:4      | Reached skill level 5 in Fighting
  2803 | D:4      | Found Derhuc's Distillery.
  2815 | D:4      | Reached skill level 1 in Invocations
  2819 | D:4      | Bought a potion of heal wounds for 65 gold pieces
  3032 | D:4      | Found an opulent altar of Gozag.
  3198 | D:4      | Reached skill level 5 in Armour
  3200 | D:4      | Reached skill level 5 in Shields
  3547 | D:5      | Entered Level 5 of the Dungeon
  3569 | D:5      | Found Zinote's General Store.
  3693 | D:5      | Reached XP level 7. HP: 56/61 MP: 7/7
  3735 | D:5      | Reached skill level 6 in Long Blades
  3779 | D:5      | Noticed Menkaure
  3863 | D:5      | Slain by Menkaure

Illustrated notes

Levels and vault maps discovered:
D:1:      eino_arrival_cavern_d, layout_loops_ring
D:2:      layout_basic
D:3:      layout_loops_ring, nicolae_overflow_crystal_walls,
          dreamdust_ecumenical_altar_statues
D:4:      layout_loops_cross, kennysheep_mini, minmay_temple_entry_offerings,
          serial_glass, glass_columns_a, glass_columns_b, glass_columns_c,
          glass_columns_b, glass_columns_b, glass_columns_a, serial_shops,
          nicolae_shop_industrial_runoff
D:5:      layout_rooms, serial_shops, nicolae_shop_statue_plus,
          uniq_crazy_yiuf_cottage, uniq_menkaure, uniq_sigmund

Skill      XL: |  1  2  3  4  5  6  7 |
---------------+----------------------+-----
Long Blades    | 3 4 5 6 |  6.0
Fighting       | 4 5 |  5.5
Armour         | 4 5 |  5.3
Shields        | 4 5 |  5.3
Invocations    | 1 |  1.9

Action                     |  1- 3 |  4- 6 |  7- 9 || total
---------------------------+-------+-------+-------++-------
  Melee: Long sword        |   128 |   151 |    28 ||   307
         Headbutt          |    17 |    24 |     6 ||    47
 Invoke: Stomp             |       |     1 |     1 ||     2
  Evoke: Wand              |       |       |     1 ||     1
    Use: Potion            |       |     4 |     1 ||     5
         Scroll            |       |     4 |     1 ||     5
   Stab: Paralysed         |       |     3 |       ||     3
 Armour: Scale mail        |   113 |   147 |       ||   260
         Chain mail        |       |    43 |    23 ||    66
  Dodge: Dodged            |    66 |    92 |    11 ||   169
  Block: Buckler           |    40 |    47 |     4 ||    91

Table legend: (Time is in decaauts)
 A = Elapsed time spent in this place.
 B = Non-inter-level travel time spent in this place.
 C = Inter-level travel time spent in this place.
 D = Time resting spent in this place.
 E = Time spent auto-exploring this place.
 F = Levels seen in this place.
 G = Mean time per level.
                   A        B        C        D        E       F      G
               +--------+--------+--------+--------+--------+-----+--------+
         Total |   3935 |   3742 |    193 |    148 |   2916 |   5 |  787.0 |
       Dungeon |   3935 |   3742 |    193 |    148 |   2916 |   5 |  787.0 |
               +--------+--------+--------+--------+--------+-----+--------+

Top non-repeatable levels by time:
     D:4: 1105 daAuts
     D:2: 953 daAuts
     D:1: 806 daAuts
     D:3: 754 daAuts
     D:5: 316 daAuts
